 Dungeon Crawl Stone Soup version 0.19.3-1-g3169bf9 (webtiles) character file.

5968 Naow the Severer (level 10, -12/129 HPs)
             Began as a Minotaur Berserker on Jan 25, 2017.
             Was a High Priest of Trog.
             Mangled by an orc warrior
             ... wielding a +1 glaive of flaming
              (16 damage)
             ... on level 9 of the Dungeon.
             The game lasted 00:17:49 (9924 turns).

Naow the Severer (Minotaur Berserker)               Turns: 9924, Time: 00:17:50

Health: -12/129    AC: 10    Str: 30    XL:     10   Next: 55%
Magic:  9/9        EV: 11    Int:  4    God:    Trog [*****.]
Gold:   421        SH:  0    Dex: 10    Spells: 0 memorised, 9 levels left

rFire  + . .     SeeInvis .     a - +0 hand axe
rCold  . . .     Gourm    .     B - +1 ring mail of Pinara Ynori {+Blink rPois}
rNeg   + . .     Faith    .     (no shield)
rPois  +         Spirit   .     (helmet restricted)
rElec  .         Reflect  .     q - +0 cloak (curse)
rCorr  .         Harm     .     (no gloves)
MR     .....                    L - +0 pair of boots
Stlth  ..........               (no amulet)
                                A - ring of positive energy
                                y - ring of protection from fire

@: confused, berserking (expiring), drained, very quick
A: retaliatory headbutt, horns 2
a: Berserk, Trog's Hand, Brothers in Arms, Burn Spellbooks, Renounce Religion,
Evoke Blink


You were on level 9 of the Dungeon.
You worshipped Trog.
Trog was extremely pleased with you.
You were very hungry.

You visited 1 branch of the dungeon, and saw 9 of its levels.

You collected 421 gold pieces.

Inventory:

Hand Weapons
 a - a +0 hand axe (weapon)
Armour
 b - a +0 animal skin
 q - a cursed +0 cloak (worn)
 s - a +0 scale mail
 B - the +1 ring mail of Pinara Ynori (worn) {+Blink rPois}
   (You found it on level 4 of the Dungeon)

   It protects you from poison.
   It lets you blink.
 I - a +0 plate armour
 J - a +2 cloak
 L - a +0 pair of boots (worn)
Jewellery
 y - a ring of protection from fire (left hand)
 A - a ring of positive energy (right hand)
 M - an uncursed ring of fire {unknown}
Wands
 t - a wand of flame (26/48)
 x - a wand of random effects (40/48)
 F - a wand of iceblast (12/15)
 G - a wand of acid (11/15)
 N - a wand of teleportation (3/9)
 R - a wand of random effects (26/48)
Scrolls
 e - 4 scrolls of amnesia {unknown}
 h - a scroll of noise {unknown}
 j - 2 scrolls of fog {unknown}
 k - 2 scrolls of recharging {unknown}
 l - a scroll of random uselessness {unknown}
 p - 5 scrolls of teleportation {unknown}
 u - 5 scrolls of identify {unknown}
 v - 2 scrolls of remove curse {unknown}
 H - a scroll of enchant armour {unknown}
 K - a scroll of holy word {unknown}
 O - a scroll of blinking {unknown}
 P - a scroll of immolation {unknown}
 Q - a scroll of enchant weapon {unknown}
Potions
 d - a potion of magic {unknown}
 i - 2 potions of might
 m - a potion of flight {unknown}
 n - 3 potions of degeneration {unknown}
 o - a potion of ambrosia {unknown}
 r - a potion of resistance {unknown}
 w - a potion of berserk rage {unknown}
 D - a potion of brilliance {unknown}
 E - a potion of haste {unknown}
Books
 f - the Tome of Evil Rituals and the Voyage
   (You found it on level 6 of the Dungeon)

   Spells                             Type                      Level
   a - Shroud of Golubria             Charms/Translocation         2
   b - Corpse Rot                     Necromancy                   2
   c - Force Lance                    Conjuration/Translocation    4
   d - Simulacrum                     Ice/Necromancy               6
   e - Death Channel                  Necromancy                   6
   Trog disapproves of the use of such an item.
Comestibles
 c - 5 bread rations
 g - 6 beef jerkies
 z - a slice of pizza
 C - 5 meat rations


   Skills:
 + Level 7.2(7.0) Fighting
 + Level 16.1(15.7) Axes
 + Level 6.7(6.5) Armour
 - Level 2.1(1.9) Dodging


You had 9 spell levels left.
You didn't know any spells.

Dungeon Overview and Level Annotations

Branches:
Dungeon (9/15)             Temple (0/1) D:5
   Lair: D:8-11         Orc: D:9-12

Altars:
Cheibriados
Dithmenos
Elyvilon
Fedhas
Hepliaklqana
Makhleb
Nemelex Xobeh
Uskayaw
Vehumet
Yredelemnul

Annotations:
D:5 2 runed doors


Innate Abilities, Weirdness & Mutations

You reflexively headbutt those who attack you in melee.
You have a pair of horns on your head.


Message History

* * * LOW HITPOINT WARNING * * *
The orc warrior burns you.
* * * LOW HITPOINT WARNING * * *
You feel a strong urge to attack something.
Something hits you but does no damage.
The orc throws a tomahawk.
The tomahawk misses you.
You are too berserk!
Something hits you.
* * * LOW HITPOINT WARNING * * *
Things that are here:
a dagger; a robe; an orc corpse You miss the orc.
The orc is heavily wounded.
You completely miss something. You slash the orc!
You kill the orc!
Trog accepts your kill.
You slash something!
The orc warrior hits you from afar with a glaive of flaming!
You die...

....... .....
#.... #..[# #...#
#...#
.#####[†o######..
.....$)()....?...
.......){@.(.....#
(......[(######..#
.........(......!#
..........<......#
........#######..#
######..# #..#
.... ####


You could see an orc warrior.

Vanquished Creatures
  Erica (D:8)
  A hill giant (D:5)
  Pikel (D:5)
  Joseph (D:8)
  A troll (D:7)
  A two-headed ogre (D:8)
  Sigmund (D:4)
  An orc warrior (D:6)
  2 slaves (D:5)
  An ice beast (D:8)
  3 sky beasts (D:5)
  6 ogres
  A necrophage (D:5)
  A phantom (D:7)
  4 centaurs
  A crocodile (D:9)
  3 bullfrogs
  4 killer bees (D:8)
  2 scorpions
  3 howler monkeys
  5 crimson imps
  A quasit (D:5)
  A bullfrog zombie (D:5)
  8 hounds
  A jelly (D:7)
  4 orc priests (D:5)
  4 orc wizards
  Crazy Yiuf (D:4)
  A bullfrog skeleton (D:8)
  6 iguanas
  7 worker ants
  A killer bee zombie (D:9)
  A hound skeleton (D:4)
  A worker ant zombie (D:5)
  11 adders
  4 gnolls
  A shadow imp (D:7)
  An ooze (D:4)
  4 worms
  3 dart slugs
  6 leopard geckos
  20 orcs
  7 giant cockroaches
  5 goblins
  7 hobgoblins
  14 jackals
  3 quokkas
  A ball python zombie (D:5)
  7 bats
  9 frilled lizards
  A jackal skeleton (D:5)
  A jackal zombie (D:7)
  8 kobolds
  A leopard gecko zombie (D:5)
  5 rats
200 creatures vanquished.

Vanquished Creatures (others)
  An orc wizard (D:5)
  An orc (D:5)
2 creatures vanquished.

Grand Total: 202 creatures vanquished

Notes
Turn   | Place    | Note
-------+----------+-------------------------------------------
     0 | D:1      | Naow the Minotaur Berserker began the quest for the Orb.
     0 | D:1      | Reached XP level 1. HP: 19/19 MP: 0/0
   146 | D:1      | Reached skill level 4 in Axes
   241 | D:1      | Reached XP level 2. HP: 24/26 MP: 1/1
   978 | D:2      | Reached skill level 5 in Axes
  1069 | D:2      | Reached XP level 3. HP: 29/31 MP: 2/2
  1141 | D:2      | Reached ** piety under Trog
  1708 | D:2      | Reached XP level 4. HP: 37/39 MP: 3/3
  1778 | D:2      | Reached skill level 6 in Axes
  1851 | D:2      | Found a white marble altar of Elyvilon.
  2269 | D:3      | Found a shadowy altar of Dithmenos.
  2858 | D:3      | Found a snail-covered altar of Cheibriados.
  2858 | D:3      | Found a basalt altar of Yredelemnul.
  2858 | D:3      | Found a hide-covered altar of Uskayaw.
  2858 | D:3      | Found a burning altar of Makhleb.
  2892 | D:3      | Found a hazy altar of Hepliaklqana.
  2892 | D:3      | Found a radiant altar of Vehumet.
  3202 | D:4      | Noticed an ogre
  3210 | D:4      | Killed an ogre
  3210 | D:4      | Reached skill level 7 in Axes
  3210 | D:4      | Reached XP level 5. HP: 45/45 MP: 4/4
  3223 | D:4      | Noticed an ogre
  3229 | D:4      | Killed an ogre
  3229 | D:4      | Reached skill level 8 in Axes
  3229 | D:4      | Reached XP level 6. HP: 37/51 MP: 5/5
  3424 | D:4      | Found a runed door.
  3498 | D:4      | Reached *** piety under Trog
  3623 | D:4      | Reached skill level 9 in Axes
  3624 | D:4      | Got an ancient ring mail
  3921 | D:4      | Identified the +1 ring mail of Pinara Ynori {+Blink rPois} (You found it on level 4 of the Dungeon)
  3951 | D:4      | Noticed Sigmund
  3962 | D:4      | Killed Sigmund
  3962 | D:4      | Reached skill level 10 in Axes
  3962 | D:4      | Reached XP level 7. HP: 57/57 MP: 6/6
  4199 | D:4      | Noticed Crazy Yiuf
  4207 | D:4      | Killed Crazy Yiuf
  4278 | D:5      | Entered Level 5 of the Dungeon
  4395 | D:5      | Reached skill level 11 in Axes
  4426 | D:5      | Reached XP level 8. HP: 45/64 MP: 7/7
  4530 | D:5      | Found a large runed door.
  4530 | D:5      | Found a large runed door.
  4607 | D:5      | Found a large runed door.
  4607 | D:5      | Found a large runed door.
  4751 | D:5      | Found a blossoming altar of Fedhas.
  4796 | D:5      | Found a staircase to the Ecumenical Temple.
  4886 | D:5      | Reached skill level 12 in Axes
  5225 | D:5      | Reached **** piety under Trog
  5291 | D:5      | Reached skill level 13 in Axes
  5473 | D:5      | Noticed Pikel
  5488 | D:5      | Killed Pikel
  5488 | D:5      | Reached skill level 14 in Axes
  5488 | D:5      | Reached XP level 9. HP: 70/70 MP: 8/8
  5913 | D:5      | Noticed a hill giant
  5920 | D:5      | Killed a hill giant
  5920 | D:5      | Reached skill level 15 in Axes
  6701 | D:6      | Identified the Tome of Evil Rituals and the Voyage
  7184 | D:7      | Reached skill level 5 in Fighting
  8029 | D:7      | Noticed a troll
  8038 | D:7      | Killed a troll
  8038 | D:7      | Reached XP level 10. HP: 66/81 MP: 9/9
  8407 | D:7      | Reached skill level 5 in Armour
  8485 | D:7      | Found a sparkling altar of Nemelex Xobeh.
  8725 | D:8      | Reached ***** piety under Trog
  8950 | D:8      | Noticed Erica
  8968 | D:8      | Killed Erica
  9339 | D:8      | Noticed Joseph
  9358 | D:8      | Killed Joseph
  9358 | D:8      | Reached skill level 16 in Axes
  9920 | D:9      | HP: 4/129 [orc warrior/glaive of flaming (3)]
  9924 | D:9      | Mangled by an orc warrior

Skill      XL: |  1  2  3  4  5  6  7  8  9 10 |
---------------+-------------------------------+-----
Axes           | 4 5 7 8 10 11 14 15 16 | 16.1
Fighting       | 5 7 |  7.2
Armour         | 4 6 |  6.7
Dodging        | |  2.1

Action                   |  1- 3 |  4- 6 |  7- 9 | 10-12 || total
-------------------------+-------+-------+-------+-------++-------
Melee: Hand axe          |    85 |   124 |   301 |   125 ||   635
       Headbutt          |    15 |    20 |    64 |    21 ||   120
Invok: Berserk           |     1 |     3 |     5 |     3 ||    12
 Stab: Sleeping          |       |     1 |       |       ||     1
  Eat: Chunk             |     3 |     9 |    18 |     8 ||    38
Armor: Animal skin       |     9 |     2 |       |       ||    11
       Scale mail        |       |    40 |       |       ||    40
       Ring mail         |       |     3 |    75 |    41 ||   119
Dodge: Dodged            |    53 |    53 |   102 |    44 ||   252
